 Dungeon Crawl Stone Soup version 0.29.0-4-gdea44cf6ec (webtiles) character file.

Game seed: 6368588319933601258

2552 qw the Grappler (level 9, -22/81 HPs)
             Began as a Troll Cinder Acolyte on Sept 2, 2022.
             Was a Priest of Ignis.
             Annihilated by a two-headed ogre
             ... wielding a +0 giant spiked club
              (31 damage)
             ... on level 7 of the Dungeon.
             The game lasted 00:02:44 (4955 turns).

qw the Grappler (Troll Cinder Acolyte)              Turns: 4955, Time: 00:02:45

Health: -22/81     AC: 14    Str: 28    XL:     9   Next: 31%
Magic:  9/9        EV: 12    Int: 10    God:    Ignis [***...]
Gold:   350        SH:  8    Dex:  5    Spells: 10/10 levels left

rFire   + . .      SeeInvis .     - Unarmed
rCold   . . .      Faith    .   c - +0 kite shield
rNeg    . . .      Spirit   .   d - +0 steam dragon scales
rPois   .          Reflect  .   (helmet restricted)
rElec   .          Harm     .   (no cloak)
rCorr   .          Rampage  .   (gloves unavailable)
Will    .....                   (boots unavailable)
Stlth   +.........              (no amulet)
HPRegen 1.03/turn               e - +4 ring of evasion
MPRegen 0.11/turn               l - +4 ring of slaying {mikee}

@: about to teleport, fiery-armoured
A: large, unfitting armour, claws 3, regeneration 1, shaggy fur 1, tough skin 1
a: Renounce Religion, Fiery Armour, Foxfire Swarm, Rising Flame


You were on level 7 of the Dungeon.
You worshipped Ignis.
Ignis was most pleased with you.
You visited 1 branch of the dungeon, and saw 8 of its levels.

You collected 350 gold pieces.


Innate Abilities, Weirdness & Mutations

You are too large for most types of armour.
You have claws for hands.
Your natural rate of healing is unusually fast.
You are covered in fur. (AC +1)
You have tough skin. (AC +1)


   Skills:
 - Level 3.0 Fighting
 - Level 4.4 Throwing
 - Level 1.2 Armour
 + Level 6.7 Shields
 - Level 9.0 Unarmed Combat
 - Level 1.0 Spellcasting
 - Level 2.1 Fire Magic


You had 10 spell levels left.
You didn't know any spells.
Your spell library contained the following spells:

 Spells                   Type           Power      Damage    Failure   Level
 Scorch                   Fire           8%         2d5       41%         2

Inventory:

Missiles
 k - 4 boomerangs
 m - 2 large rocks (quivered)
Armour
 c - a +0 kite shield (worn)
 d - +0 steam dragon scales (worn)
 j - a +0 robe of fire resistance
Jewellery
 e - a +4 ring of evasion (left claw)
 l - a +4 ring of slaying (right claw) {mikee}
Wands
 n - a wand of digging (2)
Scrolls
 g - 4 scrolls of identify
 h - a scroll of enchant weapon
 i - 2 scrolls of brand weapon
Potions
 b - 6 potions of curing
 f - a potion of might
 o - a potion of heal wounds

Dungeon Overview and Level Annotations

Branches:
Dungeon (8/15)             Temple (0/1) D:5
   Lair: D:8-11

Altars:
Dithmenos
Elyvilon
Makhleb
Xom

Shops:
D:5 [

Annotations:
D:4 3 runed translucent doors, Jikoth's ghost, amateur TeWr


Message History

The two-headed ogre hits you with a +0 giant spiked club!!
You block the two-headed ogre's attack.
4948 ||| INVOKING Fiery Armour.
A protective cloak of flame settles atop you.
The orc barely misses you.
4949 ||| Stepping ~*~*~tactically~*~*~ (outnumbered).
There is a stone staircase leading up here.
4950 ||| STAIRDANCE The two-headed ogre hits you with a +0 giant spiked club!
The two-headed ogre is burned by your cloak of flames.
The two-headed ogre is lightly wounded.
You block the two-headed ogre's attack. The orc closely misses you.
You climb upwards.
There is a stone staircase leading down here.
Enter note:
Enter note:
Enter note: You claw the two-headed ogre!
The two-headed ogre is lightly wounded.
You block the orc's attack.
The two-headed ogre completely misses you.
The two-headed ogre closely misses you.
You mangle the two-headed ogre!!
The two-headed ogre is severely wounded.
The orc hits you but does no damage.
The orc is burned by your cloak of flames.
The orc is almost dead.
You scratch the orc.
You kill the orc!
The two-headed ogre hits you with a +0 giant spiked club!!
The two-headed ogre is burned by your cloak of flames.
The two-headed ogre is severely wounded.
The two-headed ogre hits you but does no damage.
The two-headed ogre is burned by your cloak of flames.
The two-headed ogre is severely wounded.
4955 ||| READING scroll of teleportation.
As you read the scroll of teleportation, it crumbles to dust.
You feel strangely unstable.
The two-headed ogre hits you with a +0 giant spiked club!!
You die...

#.....#...# ##.....###.##
#####...#####...######.#
##..###...#.)......# #
####......#####..##### ########
##....#......###..#
....#..###..#.....###.##...#
###.##........##### #....#.###
#.........#...### ######...#
##....<...##.#.O@# ###.#
.............###)### #.#
..........#### #...### #.#
.#........# ###...# ###.####
##........# ###<# #.......
##################...# #.......
####.(............### #.......
##....####################.......
)))############........[.........


You could see a two-headed ogre.

Vanquished Creatures
  Pikel (D:7)
  A steam dragon (D:6)
  A black bear (D:6)
  3 ice beasts
  3 sky beasts
  4 ogres
  2 lemures (D:7)
  A phantom (D:4)
  2 scorpions
  A necrophage (D:7)
  2 hounds (D:5)
  2 jellies
  3 orc priests
  An iguana (D:5)
  Ijyb (D:5)
  7 orc wizards
  11 gnolls
  6 adders
  A shadow imp (D:5)
  2 ufetubi
  A worm (D:2)
  3 dart slugs
  28 orcs
  9 ball pythons
  7 bats
  8 endoplasms
  4 giant cockroaches
  2 goblins
  6 hobgoblins
  7 kobolds
  5 frilled lizards
  8 rats
143 creatures vanquished.

Notes
Turn   | Place    | Note
-------+----------+-------------------------------------------
     0 | D:1      | qw the Troll Cinder Acolyte began the quest for the Orb.
     0 | D:1      | Reached XP level 1. HP: 22/22 MP: 1/1
     0 | D:1      | 0 ||| qw: Version: 0.1-a-97-g2dd2ca4
     0 | D:1      | 0 ||| qw: Game counter: 4965
     0 | D:1      | 0 ||| qw: Always use a shield: true
     0 | D:1      | 0 ||| qw: God list: Okawaru
     0 | D:1      | 0 ||| qw: Allow faded altars: false
     0 | D:1      | 0 ||| qw: Do Orc after D:15 true
     0 | D:1      | 0 ||| qw: Do second Lair branch before Depths: true
     0 | D:1      | 0 ||| qw: Lair rune preference: random
     0 | D:1      | 0 ||| qw: Plans: Normal
     0 | D:1      | 0 ||| PLANNING D:1-11
    56 | D:1      | You fall into a shaft and drop 1 floor!
    57 | D:2      | 57 ||| READING scroll labelled IGROT ZAUK.
   166 | D:1      | Reached XP level 2. HP: 29/29 MP: 2/2
   175 | D:1      | 175 ||| Stepping ~*~*~tactically~*~*~ (stealth).
   176 | D:1      | 176 ||| Stepping ~*~*~tactically~*~*~ (stealth).
   294 | D:1      | Reached skill level 4 in Unarmed Combat
   353 | D:1      | Reached XP level 3. HP: 36/36 MP: 3/3
   404 | D:1      | 404 ||| Stepping ~*~*~tactically~*~*~ (outnumbered).
   481 | D:1      | 481 ||| UPGRADING to +0 kite shield.
   486 | D:1      | 486 ||| READING 3 scrolls labelled ELENIA ZYROFUO.
   487 | D:1      | 487 ||| READING scroll labelled VAATIU YMETTAB.
   488 | D:1      | 488 ||| READING scroll labelled GEXKEX RID.
   489 | D:1      | 489 ||| READING scroll labelled GOZXEB FEYLIPN.
   490 | D:1      | 490 ||| DRINKING 2 glowing grey potions.
   491 | D:1      | 491 ||| READING 2 scrolls of identify.
   491 | D:1      | 491 ||| IDENTIFYING orange potion
   492 | D:1      | 492 ||| DROPPING potion of brilliance.
   493 | D:1      | 493 ||| Stepping randomly (stuck).
   494 | D:1      | 494 ||| Stepping ~*~*~tactically~*~*~ (cloud).
   704 | D:2      | 704 ||| Stepping ~*~*~tactically~*~*~ (stealth).
   747 | D:2      | 747 ||| Stepping ~*~*~tactically~*~*~ (stealth).
  1012 | D:2      | Reached skill level 1 in Shields
  1018 | D:2      | Found a faded altar of an unknown god.
  1168 | D:2      | 1168 ||| UPGRADING to +6 ring of dexterity.
  1169 | D:2      | 1169 ||| UPGRADING to +4 ring of slaying {mikee}.
  1170 | D:2      | 1170 ||| READING scroll labelled FUPTYO QOAB.
  1173 | D:2      | 1173 ||| READING 2 scrolls labelled PEUJOC SI PAG.
  1174 | D:2      | 1174 ||| READING scroll labelled ULAJOI YPPOHORGHEO.
  1175 | D:2      | 1175 ||| DRINKING 2 lumpy coppery potions.
  1176 | D:2      | 1176 ||| READING 3 scrolls of identify.
  1176 | D:2      | 1176 ||| IDENTIFYING red potion
  1177 | D:2      | 1177 ||| READING 2 scrolls of identify.
  1177 | D:2      | 1177 ||| IDENTIFYING murky emerald potion
  1178 | D:2      | 1178 ||| DROPPING potion of flight.
  1179 | D:2      | 1179 ||| DROPPING potion of ambrosia.
  1180 | D:2      | 1180 ||| DROPPING scroll of blinking.
  1210 | D:3      | 1210 ||| STAIRDANCE
  1212 | D:2      | 1212 ||| INVOKING Fiery Armour.
  1216 | D:2      | Reached XP level 4. HP: 18/44 MP: 4/4
  1248 | D:3      | 1248 ||| STAIRDANCE
  1250 | D:2      | 1250 ||| Stepping ~*~*~tactically~*~*~ (outnumbered).
  1251 | D:2      | 1251 ||| Stepping ~*~*~tactically~*~*~ (outnumbered).
  1299 | D:3      | Reached skill level 3 in Shields
  1393 | D:3      | 1393 ||| Stepping ~*~*~tactically~*~*~ (hiding).
  1398 | D:3      | 1398 ||| INVOKING Fiery Armour.
  1400 | D:3      | Reached skill level 1 in Throwing
  1400 | D:3      | Reached XP level 5. HP: 46/50 MP: 5/5
  1402 | D:3      | 1402 ||| Stepping ~*~*~tactically~*~*~ (hiding).
  1404 | D:3      | 1404 ||| Stepping ~*~*~tactically~*~*~ (hiding).
  1674 | D:3      | 1674 ||| Stepping ~*~*~tactically~*~*~ (hiding).
  1776 | D:3      | 1776 ||| Stepping ~*~*~tactically~*~*~ (hiding).
  1923 | D:3      | 1923 ||| INVOKING Fiery Armour.
  1933 | D:3      | Reached XP level 6. HP: 46/59 MP: 6/6
  2100 | D:3      | 2100 ||| Stepping ~*~*~tactically~*~*~ (stealth).
  2218 | D:3      | 2218 ||| UPGRADING to +0 robe of fire resistance.
  2228 | D:3      | 2228 ||| DROPPING +0 robe.
  2229 | D:3      | 2229 ||| UPGRADING to +4 ring of evasion.
  2231 | D:3      | 2231 ||| DROPPING +6 ring of dexterity.
  2232 | D:3      | 2232 ||| READING scroll labelled BYOWEOTZIH.
  2233 | D:3      | 2233 ||| READING 2 scrolls of identify.
  2233 | D:3      | 2233 ||| IDENTIFYING sapphire potion
  2234 | D:3      | 2234 ||| DROPPING potion of lignification.
  2277 | D:4      | Found a burning altar of Makhleb.
  2277 | D:4      | Noticed a balrug
  2280 | D:4      | Noticed a hellwing
  2280 | D:4      | Noticed a ynoxinul
  2297 | D:4      | Reached skill level 5 in Unarmed Combat
  2322 | D:4      | 2322 ||| Stepping ~*~*~tactically~*~*~ (stealth).
  2323 | D:4      | 2323 ||| Stepping ~*~*~tactically~*~*~ (stealth).
  2379 | D:4      | Found a runed translucent gate.
  2380 | D:4      | Found a runed translucent gate.
  2382 | D:4      | Noticed Jikoth's ghost (amateur TeWr)
  2383 | D:4      | Found a runed translucent gate.
  2563 | D:4      | 2563 ||| Stepping ~*~*~tactically~*~*~ (hiding).
  2569 | D:4      | 2569 ||| INVOKING Fiery Armour.
  2570 | D:4      | 2570 ||| Stepping ~*~*~tactically~*~*~ (outnumbered).
  2573 | D:4      | Reached skill level 6 in Unarmed Combat
  2577 | D:4      | Reached XP level 7. HP: 66/66 MP: 7/7
  2718 | D:4      | 2718 ||| READING scroll labelled KOUS KORHIXA.
  2828 | D:5      | Entered Level 5 of the Dungeon
  2969 | D:5      | Noticed Ijyb
  2970 | D:5      | 2970 ||| Stepping ~*~*~tactically~*~*~ (hiding).
  2971 | D:5      | 2971 ||| Stepping ~*~*~tactically~*~*~ (hiding).
  2974 | D:5      | Found a staircase to the Ecumenical Temple.
  2979 | D:5      | 2979 ||| DRINKING 5 potions of curing.
  2979 | D:5      | 2979 ||| (to cure confusion)
  2980 | D:5      | Killed Ijyb
  3012 | D:5      | Found a white marble altar of Elyvilon.
  3025 | D:5      | 3025 ||| Stepping ~*~*~tactically~*~*~ (stealth).
  3280 | D:5      | Found a shadowy altar of Dithmenos.
  3318 | D:5      | Found Bokud's Armour Boutique.
  3417 | D:5      | 3417 ||| FLEEEEING.
  3418 | D:5      | 3418 ||| FLEEEEING.
  3419 | D:5      | 3419 ||| FLEEEEING.
  3420 | D:5      | 3420 ||| FLEEEEING.
  3530 | D:5      | 3530 ||| Stepping ~*~*~tactically~*~*~ (hiding).
  3533 | D:5      | 3533 ||| Stepping ~*~*~tactically~*~*~ (hiding).
  3534 | D:5      | 3534 ||| Stepping ~*~*~tactically~*~*~ (hiding).
  3542 | D:5      | 3542 ||| Stepping ~*~*~tactically~*~*~ (stealth).
  3557 | D:5      | 3557 ||| Stepping ~*~*~tactically~*~*~ (stealth).
  3736 | D:5      | 3736 ||| DRINKING 2 viscous dark potions.
  3737 | D:5      | 3737 ||| DRINKING 2 metallic green potions.
  3738 | D:5      | 3738 ||| READING 3 scrolls of identify.
  3738 | D:5      | 3738 ||| IDENTIFYING puce potion
  3739 | D:5      | 3739 ||| DROPPING potion of degeneration.
  3740 | D:5      | 3740 ||| DROPPING potion of invisibility.
  3741 | D:5      | 3741 ||| DROPPING potion of attraction.
  3762 | D:6      | Reached skill level 7 in Unarmed Combat
  3780 | D:6      | Noticed a steam dragon
  3781 | D:6      | 3781 ||| Stepping ~*~*~tactically~*~*~ (hiding).
  3788 | D:6      | Killed a steam dragon
  3828 | D:6      | Reached skill level 6 in Shields
  3828 | D:6      | Reached XP level 8. HP: 74/74 MP: 8/8
  3915 | D:6      | Reached skill level 8 in Unarmed Combat
  3983 | D:6      | Reached skill level 3 in Fighting
  4000 | D:6      | 4000 ||| Stepping ~*~*~tactically~*~*~ (outnumbered).
  4284 | D:6      | 4284 ||| UPGRADING to +0 steam dragon scales.
  4400 | D:7      | Noticed Pikel
  4402 | D:7      | 4402 ||| Stepping ~*~*~tactically~*~*~ (hiding).
  4403 | D:7      | 4403 ||| INVOKING Fiery Armour.
  4411 | D:7      | 4411 ||| Stepping ~*~*~tactically~*~*~ (outnumbered).
  4413 | D:7      | 4413 ||| Stepping ~*~*~tactically~*~*~ (outnumbered).
  4414 | D:7      | 4414 ||| Stepping ~*~*~tactically~*~*~ (outnumbered).
  4415 | D:7      | 4415 ||| Stepping ~*~*~tactically~*~*~ (outnumbered).
  4416 | D:7      | 4416 ||| Stepping ~*~*~tactically~*~*~ (outnumbered).
  4421 | D:7      | Killed Pikel
  4422 | D:7      | Reached XP level 9. HP: 67/81 MP: 9/9
  4430 | D:7      | 4430 ||| Stepping ~*~*~tactically~*~*~ (outnumbered).
  4433 | D:7      | Reached skill level 9 in Unarmed Combat
  4502 | D:7      | Reached skill level 1 in Armour
  4514 | D:7      | Found a shimmering altar of Xom.
  4620 | D:7      | 4620 ||| Stepping ~*~*~tactically~*~*~ (stealth).
  4640 | D:7      | 4640 ||| Stepping ~*~*~tactically~*~*~ (stealth).
  4643 | D:7      | 4643 ||| Stepping ~*~*~tactically~*~*~ (hiding).
  4660 | D:7      | 4660 ||| Stepping ~*~*~tactically~*~*~ (hiding).
  4903 | D:7      | 4903 ||| DROPPING ring of flight.
  4904 | D:7      | 4904 ||| READING 5 scrolls of identify.
  4904 | D:7      | 4904 ||| IDENTIFYING fizzy white potion
  4940 | D:8      | Noticed a two-headed ogre
  4947 | D:8      | 4947 ||| Stepping ~*~*~tactically~*~*~ (outnumbered).
  4948 | D:8      | 4948 ||| INVOKING Fiery Armour.
  4949 | D:8      | 4949 ||| Stepping ~*~*~tactically~*~*~ (outnumbered).
  4950 | D:8      | 4950 ||| STAIRDANCE
  4954 | D:7      | HP: 8/81 [two-headed ogre/+0 giant spiked club (20)]
  4955 | D:7      | 4955 ||| READING scroll of teleportation.
  4955 | D:7      | Annihilated by a two-headed ogre

Levels and vault maps discovered:
D:1:      minmay_arrival_up_and_down, layout_basic, minmay_octomino_c4
D:2:      layout_loops_cross, hellmonk_ecumenical_altar_lost_god
D:3:      layout_loops_ring
D:4:      layout_rooms, makhleb_altar_promises_db, gammafunk_ghost_split
D:5:      layout_basic, lemuel_coloured_pillars_altar,
          mainiacjoe_overflow_tiny_flanked, minmay_temple_entry_statues_pillars,
          serial_shops, nicolae_shop_waterfront, serial_glass, glass_columns_b,
          glass_columns_b, minivault_5, minivault_1, lemuel_another_geyser,
          uniq_ijyb
D:6:      layout_cave_pools, serial_rivers, chequers_serial_rivers_room_b,
          chequers_serial_rivers_micro_d, chequers_serial_rivers_large_a,
          chequers_serial_rivers_micro_e
D:7:      layout_rooms, brannock_xom_greatest_gift, uniq_pikel
D:8:      layout_basic, mainiacjoe_overflow_cross_hatched,
          nicolae_kikubaaqudgha_miasma_corner, nicolae_vehumet_altar_sigil,
          chequers_serial_rivers_micro_e, minmay_misc_feat_x

Skill      XL: |  1  2  3  4  5  6  7  8  9 |
---------------+----------------------------+-----
Unarmed Combat | 4 6 7 8 9 |  9.0
Shields        | 2 3 4 6 |  6.7
Throwing       | 1 4 |  4.4
Fighting       | 3 |  3.0
Armour         | 1 |  1.2
Spellcasting   | |  1.0
Fire Magic     | |  2.1

Action                   |  1- 3 |  4- 6 |  7- 9 || total
-------------------------+-------+-------+-------++-------
Melee: Unarmed           |    90 |    96 |   116 ||   302
       Punch             |     2 |       |       ||     2
Throw: Javelin           |     7 |     8 |       ||    15
       Boomerang         |       |       |     6 ||     6
       Large rock        |       |       |    15 ||    15
Invok: Fiery Armour      |     1 |     3 |     2 ||     6
  Use: Scroll            |    11 |     2 |     4 ||    17
       Potion            |     2 |       |     3 ||     5
Armor: Robe              |    28 |    34 |    14 ||    76
       Steam dragon scal |       |       |    12 ||    12
Dodge: Dodged            |    36 |    25 |    38 ||    99
Block: Kite shield       |     6 |    20 |    43 ||    69

Table legend:
 A = Non-vault XP
 B = Vault XP
 C = Vault XP percentage of total XP
 D = Non-vault monster count
 E = Vault monster count
 F = Vault count percentage of total count
                 A         B        C        D         E       F
            +---------+---------+-------+---------+---------+-------
      Total |    2948 |     699 |  19.2 |     132 |       9 |   6.4
            +---------+---------+-------+---------+---------+-------
        D:1 |      36 |      12 |  25.0 |      20 |       7 |  25.9
        D:2 |     103 |       0 |   0.0 |      17 |       0 |   0.0
        D:3 |     266 |       0 |   0.0 |      31 |       0 |   0.0
        D:4 |     343 |       0 |   0.0 |      17 |       0 |   0.0
        D:5 |     312 |      36 |  10.3 |      13 |       1 |   7.1
        D:6 |    1163 |       0 |   0.0 |      11 |       0 |   0.0
        D:7 |     719 |     651 |  47.5 |      21 |       1 |   4.5
        D:8 |       6 |       0 |   0.0 |       2 |       0 |   0.0
            +---------+---------+-------+---------+---------+-------
